 Dungeon Crawl Stone Soup version 0.25-a0-96-g4073cf80fb (webtiles) character file.

Game seed: 9539378429255782921, levelgen mode: deterministic

22283 Ilves the Severer (level 12, -22/113 HPs)
             Began as a Hill Orc Berserker on Nov 12, 2019.
             Was a High Priest of Trog.
             Annihilated by a stone giant (28 damage)
             ... on level 1 of the Orcish Mines.
             The game lasted 00:39:06 (14961 turns).

Ilves the Severer (Hill Orc Berserker)             Turns: 14961, Time: 00:39:12

Health: -22/113    AC: 15    Str: 21    XL:     12   Next: 98%
Magic:  12/12      EV:  8    Int:  7    God:    Trog [*****.]
Gold:   1466       SH: 13    Dex: 14    Spells: 11/11 levels left

rFire    . . .     SeeInvis .   V - +4 war axe of Risk Management {freeze, *Noise rPois rF- rN+++}
rCold    + . .     Gourm    .   N - +0 shield
rNeg     + + +     Faith    .   n - +4 chain mail {MR+}
rPois    +         Spirit   .   l - +0 helmet
rElec    .         Reflect  .   p - scarf {rC+ rF+}
rCorr    .         Harm     .   T - +1 pair of gloves
MR       +....                  (no boots)
Stlth    ..........             (no amulet)
HPRegen  0.28/turn              i - +6 ring of slaying
MPRegen  0.13/turn              e - ring of poison resistance

@: no status effects
A: no striking features
a: Berserk, Trog's Hand, Brothers in Arms, Renounce Religion


You were on level 1 of the Orcish Mines.
You worshipped Trog.
Trog was extremely pleased with you.
You were not hungry.

You visited 2 branches of the dungeon, and saw 15 of its levels.
You also visited: Sewer and Bailey.

You collected 1466 gold pieces.

Inventory:

Hand Weapons
 m - a +1 hand axe of electrocution
 o - a +3 hand axe of freezing
 J - the +3 falchion of Evisceration {holy, rC+ Int+4 Dex+4}
   (You found it on level 5 of the Dungeon)

   It has been blessed by the Shining One to cause great damage to the undead
   and demons.
   It affects your intelligence (+4).
   It affects your dexterity (+4).
   It protects you from cold.
 L - the +10 falchion "Ila Tudapn" {antimagic, *Corrode +Inv rF++ Int+2}
   (You found it in a bailey)

   It reduces the magical energy of the wielder, and disrupts the spells and
   magical abilities of those hit.
   Natural abilities and divine invocations are not affected.
   It affects your intelligence (+2).
   It greatly protects you from fire.
   It lets you turn invisible.
   It may corrode you when you take damage.
 R - a +2 battleaxe of venom
 U - a +2 antimagic executioner's axe
 V - the +4 war axe of Risk Management (weapon) {freeze, *Noise rPois rF- rN+++}
   (You took it off a centaur on level 12 of the Dungeon)

   It has been specially enchanted to freeze those struck by it, causing extra
   injury to most foes and up to half again as much damage against particularly
   susceptible opponents.
   It can also slow down cold-blooded creatures.
   It makes you vulnerable to fire.
   It protects you from poison.
   It renders you almost immune to negative energy.
   It may make noises in combat.
Armour
 l - a +0 helmet (worn)
 n - a +4 chain mail of magic resistance (worn)
 p - a scarf of resistance (worn)
 N - a +0 shield (worn)
 T - a +1 pair of gloves (worn)
Jewellery
 e - a ring of poison resistance (right hand)
 i - a +6 ring of slaying (left hand)
 B - an uncursed ring of protection from cold
Wands
 y - a wand of enslavement (10)
 D - a wand of clouds (3)
 K - a wand of random effects (31)
 M - a wand of iceblast (6)
 Q - a wand of disintegration (20)
Scrolls
 a - 2 scrolls of enchant armour {unknown}
 d - 3 scrolls of immolation
 f - 10 scrolls of teleportation
 h - 2 scrolls of fear
 k - 3 scrolls of noise
 s - 5 scrolls of random uselessness {unknown}
 u - 3 scrolls of blinking {unknown}
 x - 5 scrolls of remove curse
 z - a scroll of magic mapping {unknown}
 A - 2 scrolls of amnesia {unknown}
 E - a scroll of torment {unknown}
 G - a scroll of fog {unknown}
 S - a scroll of brand weapon {unknown}
 W - a scroll of summoning {unknown}
Potions
 b - 3 potions of agility
 g - 2 potions of mutation
 j - 4 potions of lignification
 q - a potion of ambrosia
 r - 4 potions of resistance
 t - 3 potions of magic
 v - 5 potions of brilliance
 w - 6 potions of heal wounds
 C - 6 potions of curing
 F - a potion of might {unknown}
 H - 3 potions of cancellation
 P - a potion of berserk rage {unknown}
Comestibles
 c - 17 rations
 I - 2 chunks of flesh


   Skills:
 - Level 12.8 Fighting
 - Level 16.8 Axes
 - Level 2.1 Armour
 - Level 1.5 Dodging
 * Level 13.4 Shields


You had 11 spell levels left.
You didn't know any spells.
Your spell library was empty.

Dungeon Overview and Level Annotations

Branches:
Dungeon (13/15)            Temple (0/1) D:6            Lair (0/6) D:9
    Orc (2/2) D:9           Sewer (visited)          Bailey (visited)
    Elf: Orc:2       Vaults: D:13-14

Altars:
Ashenzari
Cheibriados
Gozag
Makhleb
Nemelex Xobeh
Okawaru
Trog
Zin
The Shining One
Beogh

Shops:
D:4 :   D:6 (   D:10 (

Annotations:
Orc:2 Sonja


Message History

The orc sorcerer glows brightly for a moment.
The ynoxinul gestures.
You block the sixfirhy's attack. x3
The sixfirhy hits you but does no damage.
The hellwing disappears in a puff of smoke!
Sonja gestures wildly while chanting.
Sonja blinks!
The sun demon hits you!!
* * * LOW HITPOINT WARNING * * *
You are engulfed in flames!
* * * LOW HITPOINT WARNING * * *
The orc high priest threatens, "By the altar or by the axe, you will meet Beogh!"
There is a stone staircase leading up, spattered with blood here.
The orc high priest mumbles some strange prayers to Beogh against you.
Beogh smites you!
* * * LOW HITPOINT WARNING * * *
You block the sun demon's attack.
You climb upwards.
Reactivating autopickup.
The stone giant hits you!!
You die...

### ## ..##
#.##...###
####.......#
#..$.@....#
#...>C....#
#$.....#......
#........#......
.......### .....
....... .....
#.#.... .... #
#.... .... .....


You could see a stone giant.

Vanquished Creatures
  3 two-headed ogres (D:10)
  An orc high priest (D:9)
  An unseen horror (D:10)
  2 orc knights (Bailey)
  3 orc sorcerers
  An ugly thing (D:13)
  4 slime creatures (D:12)
  3 cyclopes
  A kobold demonologist (D:12)
  A komodo dragon (D:11)
  A yaktaur (shapeshifter) (D:13)
  The ghost of stillor the Sneak, a novice KoCj (D:5)
  A hornet (D:11)
  5 trolls
  A hippogriff (D:13)
  19 yaks
  A tarantella (shapeshifter) (D:11)
  A basilisk (D:12)
  2 wraiths
  Eustachio (D:4)
  3 wargs
  A water moccasin (D:11)
  5 sky beasts
  A phantom (D:11)
  9 ogres
  26 orc warriors
  3 centaurs
  A crocodile (D:13)
  2 big kobolds (D:11)
  8 bullfrogs
  A gnoll sergeant (D:8)
  3 scorpions
  8 killer bees
  3 wights (D:9)
  8 crimson imps
  2 howler monkeys
  4 hounds
  25 orc priests
  A bullfrog skeleton (D:4)
  3 centaur skeletons
  Jessica (D:3)
  3 iguanas
  Terence (D:2)
  25 orc wizards
  7 worker ants
  A hound zombie (D:5)
  A hound skeleton (D:6)
  Robin (D:4)
  A howler monkey zombie (D:10)
  9 gnolls
  A howler monkey skeleton (D:9)
  A worker ant zombie (D:8)
  10 adders
  A shadow imp (D:10)
  An ooze (D:2)
  An adder skeleton (D:4)
  3 worms
  3 dart slugs
  3 leopard geckos
  71 orcs
  3 bats
  5 giant cockroaches
  15 goblins
  7 hobgoblins
  19 jackals
  3 quokkas
  5 ball pythons
  10 frilled lizards
  A giant cockroach zombie (D:5)
  26 kobolds
  A leopard gecko skeleton (D:6)
  A quokka skeleton (D:2)
  6 rats
  5 plants (Sewer)
422 creatures vanquished.

Vanquished Creatures (collateral kills)
  A kobold (Bailey)
1 creature vanquished.

Vanquished Creatures (others)
  A kobold (Bailey)
1 creature vanquished.

Grand Total: 424 creatures vanquished

Notes
Turn   | Place    | Note
-------+----------+-------------------------------------------
     0 | D:1      | Ilves the Hill Orc Berserker began the quest for the Orb.
     0 | D:1      | Reached XP level 1. HP: 19/19 MP: 1/1
   202 | D:1      | Reached XP level 2. HP: 16/27 MP: 2/2
   750 | D:2      | Noticed Terence
   756 | D:2      | Killed Terence
   756 | D:2      | Reached skill level 5 in Axes
   756 | D:2      | Reached XP level 3. HP: 21/34 MP: 3/3
   768 | D:2      | Reached ** piety under Trog
  1049 | D:2      | Reached XP level 4. HP: 41/41 MP: 4/4
  1481 | D:3      | Noticed Jessica
  1485 | D:3      | Reached skill level 5 in Fighting
  1489 | D:3      | Killed Jessica
  1489 | D:3      | Reached skill level 6 in Axes
  1489 | D:3      | Reached XP level 5. HP: 48/48 MP: 5/5
  1994 | D:3      | Found a sparkling altar of Nemelex Xobeh.
  1994 | D:3      | Found a shattered altar of Ashenzari.
  2167 | D:4      | Found Lokus's Book Boutique.
  2179 | D:4      | Noticed Robin
  2199 | D:4      | Killed Robin
  2435 | D:4      | Reached *** piety under Trog
  2455 | D:4      | Reached skill level 7 in Axes
  2455 | D:4      | Reached XP level 6. HP: 57/57 MP: 6/6
  2562 | D:4      | Noticed Eustachio
  2574 | D:4      | Killed Eustachio
  2574 | D:4      | Reached skill level 8 in Axes
  2904 | D:5      | Entered Level 5 of the Dungeon
  2923 | D:5      | Noticed stillor's ghost (novice KoCj)
  2938 | D:5      | Reached XP level 7. HP: 24/64 MP: 7/7
  3028 | D:5      | Reached skill level 9 in Axes
  3070 | D:5      | Found a glowing drain.
  3162 | Sewer    | Entered a sewer
  4049 | D:5      | Found a runed translucent gate.
  4049 | D:5      | Found a runed translucent gate.
  4049 | D:5      | Found a runed translucent gate.
  4136 | D:5      | Got an encrusted falchion
  4457 | D:5      | Killed stillor's ghost
  4457 | D:5      | Reached skill level 10 in Axes
  4457 | D:5      | Reached XP level 8. HP: 71/73 MP: 8/8
  4535 | D:6      | Found a staircase to the Ecumenical Temple.
  4681 | D:6      | Reached **** piety under Trog
  4744 | D:6      | Reached skill level 11 in Axes
  5102 | D:6      | Found Byfif's Weapon Shoppe.
  5378 | D:7      | Found a glowing silver altar of Zin.
  5401 | D:7      | Reached skill level 12 in Axes
  5410 | D:7      | Found a glowing golden altar of the Shining One.
  5479 | D:7      | Found an opulent altar of Gozag.
  5513 | D:7      | Found a flagged portal.
  5522 | Bailey   | Entered a bailey
  5579 | Bailey   | Reached XP level 9. HP: 58/81 MP: 9/9
  5589 | Bailey   | Noticed an orc knight
  5589 | Bailey   | Noticed an orc knight
  5596 | Bailey   | Killed an orc knight
  5596 | Bailey   | Reached skill level 13 in Axes
  5602 | Bailey   | Killed an orc knight
  5607 | Bailey   | Reached skill level 14 in Axes
  5862 | Bailey   | Got a brightly glowing falchion
  5939 | Bailey   | Identified the cursed +3 falchion of Evisceration {holy,
                  | rC+ Int+4 Dex+4} (You found it on level 5 of the Dungeon)
  6080 | D:7      | Found an iron altar of Okawaru.
  6111 | D:7      | Reached ***** piety under Trog
  6446 | D:7      | Found a snail-covered altar of Cheibriados.
  6659 | D:7      | Found a burning altar of Makhleb.
  6742 | D:8      | Found a bloodstained altar of Trog.
  6997 | D:8      | Reached XP level 10. HP: 92/92 MP: 10/10
  7013 | D:8      | Reached skill level 10 in Fighting
  7309 | D:8      | Reached skill level 15 in Axes
  7566 | D:9      | Received a gift from Trog
  7585 | D:9      | Found a staircase to the Lair.
  8003 | D:9      | Found a staircase to the Orcish Mines.
  8061 | D:9      | Found a roughly hewn altar of Beogh.
  8671 | D:10     | Entered Level 10 of the Dungeon
  8857 | D:10     | Noticed a two-headed ogre
  8866 | D:10     | Killed a two-headed ogre
  8866 | D:10     | Reached skill level 16 in Axes
  8870 | D:10     | Found Cehur's Antique Weapon Boutique.
  8872 | D:10     | Noticed a two-headed ogre
  8885 | D:10     | Killed a two-headed ogre
  8885 | D:10     | Reached XP level 11. HP: 92/104 MP: 11/11
  8966 | D:10     | Killed an unseen horror
  9022 | D:10     | Noticed a two-headed ogre
  9034 | D:10     | Killed a two-headed ogre
  9520 | D:11     | Reached skill level 1 in Shields
  9594 | D:11     | Reached skill level 5 in Shields
  9629 | D:11     | Noticed a cyclops
  9985 | D:11     | Killed a cyclops
 10281 | D:12     | Noticed a cyclops
 10300 | D:12     | Killed a cyclops
 10531 | D:12     | Noticed a cyclops
 10547 | D:12     | Killed a cyclops
 10739 | D:12     | Received a gift from Trog
 11170 | D:12     | Reached XP level 12. HP: 36/113 MP: 12/12
 11614 | D:12     | Identified the +4 war axe of Risk Management {freeze,
                  | *Noise rPois rF- rN+++}
 12109 | D:13     | Reached skill level 10 in Shields
 12268 | D:13     | Noticed a lich
 12513 | D:13     | Noticed a five-headed hydra
 12842 | D:12     | Identified the +10 falchion "Ila Tudapn" {antimagic,
                  | *Corrode +Inv rF++ Int+2} (You found it in a bailey)
 12979 | Orc:1    | Entered Level 1 of the Orcish Mines
 13755 | Orc:1    | Noticed an orc high priest
 14009 | D:9      | Killed an orc high priest
 14357 | Orc:2    | Entered Level 2 of the Orcish Mines
 14487 | Orc:1    | Noticed a stone giant
 14939 | Orc:2    | Noticed an orc high priest
 14943 | Orc:2    | Noticed a sun demon
 14947 | Orc:2    | Noticed Sonja
 14961 | Orc:1    | Annihilated by a stone giant

Levels and vault maps discovered:
D:1:      minmay_arrival_checkered_box, layout_rooms, moated_statue
D:2:      layout_basic, uniq_terence
D:3:      minmay_spotlight, layout_loops_ring, gammafunk_temple_overflow_statue,
          minmay_misc_feat_four_crosses, minmay_unequal, uniq_jessica
D:4:      minmay_inner_zag, layout_loops_ring, serial_shops, nicolae_shop_trees,
          first_ration, uniq_robin, uniq_eustachio
D:5:      layout_loops_ring, gammafunk_ghost_split, gup_sewer_entry_glass
D:6:      layout_basic, minmay_temple_entry_glassed_door, serial_shops,
          shop_statue
D:7:      layout_gridville, nicolae_overflow_quartered_altars,
          okawaru_gym_becter, old_standard_altar, enter_bailey_2
D:8:      layout_rooms, basic_altar
D:9:      layout_cave_pools, erik_lair_orcish_takeover,
          minmay_orc_entry_temple_small
D:10:     layout_rooms, serial_shops, nicolae_shop_overgrown_old_shop
D:11:     layout_rooms
D:12:     layout_irregular_city
D:13:     layout_layer_cave, david_vaults_4, muffindrake_ghost_dual_entry,
          grunt_tengu_nest
Orc:1:    layout_diamond_mine
Orc:2:    st_orc_mages, layout_caves, nicolae_orc_rich_vein, uniq_sonja

Skill      XL: |  1  2  3  4  5  6  7  8  9 10 11 12 |
---------------+-------------------------------------+-----
Fighting       | 4 5 6 7 8 9 12 | 12.8
Axes           | 5 6 7 8 10 12 14 16 | 16.8
Shields        | 8 13 | 13.4
Armour         | |  2.1
Dodging        | |  1.5

Action                   |  1- 3 |  4- 6 |  7- 9 | 10-12 || total
-------------------------+-------+-------+-------+-------++-------
Melee: Hand axe          |    73 |    96 |   259 |   365 ||   793
       War axe           |       |       |       |   210 ||   210
Invok: Berserk           |       |       |     1 |     3 ||     4
       Brothers in Arms  |       |       |       |     2 ||     2
Evoke: Wand              |       |       |    13 |     1 ||    14
  Use: Scroll            |       |       |    11 |     6 ||    17
       Potion            |       |       |       |     1 ||     1
  Eat: Chunk             |       |     6 |    15 |    25 ||    46
       Ration            |       |       |       |     1 ||     1
Armor: Animal skin       |    10 |       |       |       ||    10
       Chain mail        |     8 |    53 |   163 |   210 ||   434
Dodge: Dodged            |    49 |    29 |   115 |   117 ||   310
Block: Shield            |       |       |       |   186 ||   186

Table legend:
 A = Non-vault XP
 B = Vault XP
 C = Vault XP percentage of total XP
 D = Non-vault monster count
 E = Vault monster count
 F = Vault count percentage of total count
                 A         B        C        D         E       F
            +---------+---------+-------+---------+---------+-------
      Total |   27061 |    4772 |  15.0 |     320 |      98 |  23.4
            +---------+---------+-------+---------+---------+-------
        D:1 |      22 |       0 |   0.0 |      13 |       0 |   0.0
        D:2 |      56 |      36 |  39.1 |      21 |       1 |   4.5
        D:3 |      28 |      60 |  68.2 |       7 |       7 |  50.0
        D:4 |     108 |     269 |  71.4 |       6 |      14 |  70.0
        D:5 |     389 |     315 |  44.7 |      11 |       4 |  26.7
        D:6 |     799 |       0 |   0.0 |      18 |       0 |   0.0
        D:7 |     609 |       0 |   0.0 |      16 |       0 |   0.0
        D:8 |     946 |       0 |   0.0 |      25 |       0 |   0.0
        D:9 |    3424 |     754 |  18.0 |      38 |      15 |  28.3
       D:10 |    4053 |       0 |   0.0 |      16 |       0 |   0.0
       D:11 |    3783 |       0 |   0.0 |      29 |       0 |   0.0
       D:12 |    5122 |       0 |   0.0 |      36 |       0 |   0.0
       D:13 |    3301 |     624 |  15.9 |      19 |       2 |   9.5
      Orc:1 |    2917 |       0 |   0.0 |      45 |       0 |   0.0
      Orc:2 |    1504 |     972 |  39.3 |      20 |       7 |  25.9
      Sewer |       0 |      46 | 100.0 |       0 |      23 | 100.0
     Bailey |       0 |    1696 | 100.0 |       0 |      25 | 100.0
            +---------+---------+-------+---------+---------+-------
